 Dungeon Crawl Stone Soup version 0.30.1-11-g7821555f0a (webtiles) character file.

Game seed: 3544782236973130143

4603 SacredBeard the Cleaver (level 10, -10/89 (91) HPs)
             Began as a Hill Orc Fighter on Nov 10, 2023.
             Was a Believer of Beogh.
             Mangled by a vampire
             ... wielding a +0 rapier
              (12 damage)
             ... on level 9 of the Dungeon.
             The game lasted 00:18:53 (9031 turns).

SacredBeard the Cleaver (Hill Orc Fighter)          Turns: 9031, Time: 00:18:54

HP:   -10/89 (91)   AC: 12    Str: 24    XL:     10   Next: 42%
MP:   10/10         EV: 11    Int:  8    God:    Beogh [**....]
Gold: 417           SH:  5    Dex: 10    Spells: 9/9 levels left

rFire   . . .        w - +5 club
rCold   + . .        c - +0 buckler
rNeg    . . .        x - +0 ring mail {rC+}
rPois   +            u - +0 helmet
rElec   .            (no cloak)
rCorr   .            P - +0 pair of gloves
SInv    .            (no boots)
Will    .....        (no amulet) Stlth
                     m - +4 ring of protection
HPRegen 0.34/turn    y - ring of poison resistance
MPRegen 0.12/turn

%: no passive effects
@: mighty, brilliant, lightly drained
A: no striking features
a: Renounce Religion, Smiting


You were on level 9 of the Dungeon.
You worshipped Beogh.
Beogh was pleased with you.
You visited 1 branch of the dungeon, and saw 9 of its levels.

You collected 417 gold pieces.

Inventory:

Hand Weapons
 a - a +0 war axe
 w - a +5 club (weapon)
 F - a +0 spear
Missiles
 b - 7 boomerangs
 i - 75 stones (quivered)
 J - a throwing net
Armour
 c - a +0 buckler (worn)
 u - a +0 helmet (worn)
 x - a +0 ring mail of cold resistance (worn)
 E - a +2 pair of gloves
 O - a +0 kite shield
 P - a +0 pair of gloves (worn)
Jewellery
 m - a +4 ring of protection (left hand)
 y - a ring of poison resistance (right hand)
Wands
 t - a wand of flame (8)
 H - a wand of roots (24)
 N - a wand of paralysis (5)
Scrolls
 g - 9 scrolls of identify {unknown}
 h - 2 scrolls of summoning {unknown}
 j - 3 scrolls of fear {unknown}
 k - 2 scrolls of enchant armour {unknown}
 n - 2 scrolls of poison {unknown}
 r - a scroll of noise {unknown}
 s - 3 scrolls of blinking {unknown}
 v - 4 scrolls of magic mapping {unknown}
 z - a scroll of amnesia {unknown}
 C - a scroll of vulnerability {unknown}
 K - 2 scrolls of enchant weapon {unknown}
 L - a scroll of teleportation {unknown}
 M - 2 scrolls of immolation {unknown}
Potions
 e - 3 potions of brilliance
 f - 3 potions of flight {unknown}
 l - 2 potions of berserk rage {unknown}
 o - a potion of degeneration {unknown}
 p - a potion of haste {unknown}
 q - 2 potions of curing
 A - 4 potions of attraction {unknown}
 B - a potion of cancellation {unknown}
 D - 2 potions of invisibility {unknown}
 G - a potion of resistance {unknown}
 I - a potion of experience {unknown}


   Skills:
 + Level 9.5 Fighting
 + Level 13.4 Axes
 - Level 2.0 Throwing
 * Level 5.5 Armour
 * Level 2.9 Dodging
 * Level 5.5 Shields
 - Level 3.0 Evocations


You had 9 spell levels left.
You didn't know any spells.
Your spell library contained the following spells:

 Spells                   Type           Power      Damage    Failure   Level
 Cigotuvi's Dreadful Rot  Necr/Pois/Air  0%         N/A       75%         2
 Ignite Poison            Fire/Tmut/Pois 0%         N/A       93%         3
 Animate Dead             Necr           0%         N/A       100%        4
 Dispel Undead            Necr           0%         3d6       100%        4
 Fireball                 Conj/Fire      0%         3d3       100%        5
 Freezing Cloud           Conj/Ice/Air   0%         6-21      100%        5
 Iskenderun's Battlesphe  Conj           0%         2d6       100%        5
 Conjure Ball Lightning   Conj/Air       0%         3x3d6     100%        6
 Death Channel            Necr           0%         N/A       100%        6
 Simulacrum               Ice/Necr       0%         N/A       100%        6
 Haunt                    Necr/Summ      0%         N/A       100%        7
 Orb of Destruction       Conj           0%         9d5       100%        7
 Ozocubu's Refrigeration  Ice            0%         4d7       100%        7
 Infestation              Necr           0%         N/A       100%        8
 Polar Vortex             Ice            0%         N/A       100%        9


Dungeon Overview and Level Annotations

Branches:
Dungeon (9/15) Zot: 24591  Temple (0/1) D:4
   Lair: D:8-11         Orc: D:9-12

Altars:
Dithmenos
Makhleb
Wu Jian
Beogh

Shops:
D:3 (   D:4 *   D:7 (   D:8 =*

Annotations:
D:6 1 runed translucent door, Crazy Yiuf
D:7 2 transporters


Message History

The vampire closely misses you.
The vampire bites you but does no damage.
You closely miss the vampire.
The vampire is lightly damaged.
The vampire gestures wildly while chanting.
The vampire flickers and vanishes!
Deactivating autopickup; reactivate with Ctrl-A.
You hit something. Something hits you. Something bites you!
Something draws strength from your injuries!
You hit something. Something hits you! Something bites you.
Something draws strength from your injuries!
You closely miss something. Something hits you! Something bites you.
Something draws strength from your injuries!
You closely miss something. You hit something. Something hits you.
Something bites you but does no damage.
You hit something but do no damage. Something hits you!
Something completely misses you.
You feel very mighty all of a sudden. Something hits you.
* * * LOW HITPOINT WARNING * * *
Something bites you but does no damage.
You barely miss something. Something hits you.
* * * LOW HITPOINT WARNING * * *
Something bites you.
* * * LOW HITPOINT WARNING * * *
Something draws strength from your injuries!
You thump something! Something hits you!
* * * LOW HITPOINT WARNING * * *
Something bites you.
* * * LOW HITPOINT WARNING * * *
Something draws strength from your injuries!
You feel better. Something hits you.
* * * LOW HITPOINT WARNING * * *
Something bites you.
* * * LOW HITPOINT WARNING * * *
Something draws strength from your injuries!
It was a potion of brilliance.
You feel clever all of a sudden. Something hits you!
You die...

#......<.).#######
#.####)##..# ##†#.#..#
##.###...# #.## ##..# #
##.###).#### .###
##.#.#.##.. #... ##.##.##.#
...# #.##@##.# ###...###
#.####.##{##.####........
#.....[...##.##.V........
..............V##[##.~.....
#####.#####..#..).# .V~~≈..
#. #..#.##.##..~≈≈~≈ #
#........).~.~≈S≈
#..#>.....≈..~≈≈≈
#..#####..~~≈~~≈~


There were no monsters in sight!

Vanquished Creatures
  A troll (D:9)
  4 yaks (D:9)
  2 wyverns (D:9)
  Eustachio (D:5)
  Menkaure (D:5)
  A sky beast (D:7)
  An ice beast (D:6)
  A black bear (D:4)
  3 ogres
  A wolf (D:8)
  2 centaurs
  A kobold brigand (D:6)
  A phantom (D:6)
  Blork the orc (D:5)
  2 bullfrogs (D:8)
  10 scorpions
  3 wights (D:9)
  10 killer bees
  2 gnoll boudas
  8 hounds
  3 jellies
  2 orc priests (D:6)
  Terence (D:2)
  Jessica (D:3)
  3 iguanas
  Natasha (thrice) (D:2)
  An orc wizard (D:7)
  Robin (D:2)
  9 gnolls
  12 adders
  A shadow imp (D:6)
  2 white imps
  3 worms
  2 dart slugs
  10 orcs
  10 endoplasms
  A giant cockroach (D:1)
  8 hobgoblins
  12 jackals
  3 quokkas
  10 ball pythons
  13 bats
  5 frilled lizards
  8 goblins
  11 kobolds
  5 rats
  A butterfly (D:4)
197 creatures vanquished.

Vanquished Creatures (others)
  An orc wizard (D:6)
  An orc (D:6)
2 creatures vanquished.

Grand Total: 199 creatures vanquished

Notes
Turn   | Place    | Note
-------+----------+-------------------------------------------
     0 | D:1      | SacredBeard the Hill Orc Fighter began the quest for the
                  | Orb.
     0 | D:1      | Reached XP level 1. HP: 19/19 MP: 1/1
   100 | D:1      | Reached skill level 3 in Axes
   178 | D:1      | Reached XP level 2. HP: 27/27 MP: 2/2
   462 | D:1      | Reached XP level 3. HP: 33/33 MP: 3/3
   746 | D:2      | Noticed Natasha
   751 | D:2      | Killed Natasha
   773 | D:2      | Noticed Natasha
   783 | D:2      | Killed Natasha
   784 | D:2      | Reached skill level 4 in Axes
   784 | D:2      | Reached skill level 1 in Dodging
   784 | D:2      | Reached XP level 4. HP: 26/40 MP: 4/4
   830 | D:2      | Noticed Natasha
   931 | D:2      | Killed Natasha
   952 | D:2      | Reached XP level 5. HP: 45/46 MP: 5/5
   998 | D:2      | Found a burning altar of Makhleb.
  1360 | D:2      | Noticed Robin
  1362 | D:2      | Reached skill level 5 in Axes
  1462 | D:2      | Killed Robin
  1556 | D:3      | Noticed Terence
  1566 | D:2      | Killed Terence
  1801 | D:3      | Reached XP level 6. HP: 55/55 MP: 6/6
  1815 | D:3      | Noticed Jessica
  1822 | D:3      | Killed Jessica
  1843 | D:3      | Found Jaqid's Antique Weapon Boutique.
  2117 | D:4      | Reached skill level 6 in Axes
  2146 | D:4      | Noticed a black bear
  2159 | D:4      | Killed a black bear
  2160 | D:4      | Reached skill level 5 in Fighting
  2221 | D:4      | Reached skill level 1 in Throwing
  2221 | D:4      | Reached skill level 1 in Evocations
  2340 | D:4      | Found Besiuf's General Store.
  2386 | D:4      | Reached XP level 7. HP: 52/61 MP: 7/7
  2550 | D:4      | Reached skill level 7 in Axes
  2705 | D:4      | Found a staircase to the Ecumenical Temple.
  3346 | D:4      | Reached skill level 8 in Axes
  3346 | D:4      | Reached XP level 8. HP: 64/70 MP: 8/8
  3365 | D:4      | Found the +11 Singing Sword {sonic wave}
  3583 | D:5      | Entered Level 5 of the Dungeon
  3622 | D:5      | Noticed Blork the orc
  3635 | D:5      | Killed Blork the orc
  3762 | D:5      | Reached skill level 9 in Axes
  3902 | D:5      | Noticed Menkaure
  3919 | D:5      | Killed Menkaure
  4242 | D:5      | Found an ornate altar of the Wu Jian Council.
  4351 | D:5      | Noticed Eustachio
  4388 | D:5      | Killed Eustachio
  4389 | D:5      | Reached skill level 10 in Axes
  4498 | D:5      | Found a shadowy altar of Dithmenos.
  4499 | D:5      | Found a burning altar of Makhleb.
  4723 | D:6      | Reached XP level 9. HP: 80/80 MP: 9/9
  4779 | D:6      | Reached skill level 11 in Axes
  4975 | D:6      | Became a worshipper of Beogh the Brigand
  5837 | D:6      | Found a runed translucent door.
  5838 | D:6      | Noticed Crazy Yiuf
  5986 | D:7      | Found Figronum's Antique Weapon Emporium.
  6256 | D:7      | Reached * piety under Beogh
  6503 | D:7      | Reached skill level 12 in Axes
  6574 | D:7      | You fall into a shaft and drop 2 floors!
  6832 | D:8      | Found Oguadar's Lightly-Used Armoury.
  6970 | D:7      | Noticed a cyclops
  6971 | D:7      | Found a roughly hewn altar of Beogh.
  6971 | D:7      | Found a transporter.
  7303 | D:7      | Found a transporter.
  7563 | D:8      | Found Ymegol's One-of-a-Kind Rings.
  7671 | D:9      | Reached skill level 13 in Axes
  7982 | D:9      | Identified the +4 falchion of Brutal Revenge {chaos, rF+}
  8007 | D:9      | Reached XP level 10. HP: 54/91 MP: 10/10
  8411 | D:9      | Reached skill level 5 in Armour
  8411 | D:9      | Reached skill level 5 in Shields
  8889 | D:9      | Reached ** piety under Beogh
  9029 | D:9      | HP: 3/89 [something (3)]
  9031 | D:9      | Mangled by a vampire

Illustrated notes

Levels and vault maps discovered:
D:1:      ncdulo_wetmaze, layout_loops_ring
D:2:      layout_rooms, basic_altar, uniq_natasha, uniq_robin
D:3:      layout_rooms, serial_shops, nicolae_shop_advertising_works
          [nicolae_subvault_shop_adworks], uniq_terence, uniq_jessica
D:4:      old_forge, layout_loops_corners, minmay_temple_entry_butterflies,
          serial_shops, nicolae_square_shop
D:5:      layout_basic, gammafunk_temple_overflow_statue,
          overflow_temple_1_default, uniq_menkaure, uniq_eustachio,
          uniq_blork_the_orc
D:6:      layout_basic, uniq_crazy_yiuf_cottage
D:7:      gammafunk_beogh_shrine, layout_basic, serial_shops,
          nicolae_shop_hallway_stairs, chequers_garden
D:8:      layout_rooms, minmay_misc_feat_rugged, hex_intersection,
          hangedman_decor_points, minmay_holes, nicolae_shop_unique_rings,
          minmay_shop_damaged, amcnicky_mini_corridor_feature,
          nrook_mini_backslash
D:9:      layout_loops_ring, erik_lair_island

Skill      XL: |  1  2  3  4  5  6  7  8  9 10 |
---------------+-------------------------------+-----
Axes           | 3 4 5 6 8 10 13 | 13.4
Fighting       | 4 5 6 7 9 |  9.5
Dodging        | 1 2 |  2.9
Armour         | 4 5 |  5.5
Shields        | 4 5 |  5.5
Throwing       | 1 2 |  2.0
Evocations     | 1 2 3 |  3.0

Action                     |  1- 3 |  4- 6 |  7- 9 | 10-12 || total
---------------------------+-------+-------+-------+-------++-------
  Melee: War axe           |    68 |   128 |       |       ||   196
         Club              |       |    52 |   536 |   158 ||   746
 Invoke: Convert to Beogh  |       |       |     1 |       ||     1
    Use: Potion            |       |       |     3 |     5 ||     8
 Armour: Scale mail        |    38 |   102 |       |       ||   140
         Ring mail         |       |    26 |   319 |    68 ||   413
  Dodge: Dodged            |    32 |   123 |   287 |   124 ||   566
  Block: Buckler           |     7 |    69 |   108 |    44 ||   228
